Map: Disco Bloodbath LE

Players

Elazer

  • Race: Zerg Zerg
  • League: Master
  • Spawn Location: 9:00

Clem - Winner!

  • Race: Terran Terran
  • League: Master
  • Spawn Location: 3:00

Event: NationWars 2019

VOD

Have the link to the VOD?

Description

Time

  • Played on: Nov. 14, 2019, 12:43 p.m.
  • Length: 15:43

All games in this series

Show
View Real Time Build Order
Export as new Build Order

Elazer Zerg 

Build Orders: Hatch First, Brood Lord Corruptor, Swarm Host 

Get SALT Encoding   

  12  0:00  Drone  
  13  0:12  Overlord  
  13  0:16  Drone  
  14  0:30  Drone x2  
  16  0:47  Hatchery  
  15  0:50  Drone  
  15  0:54  Drone  
  17  0:57  Drone  
  18  1:08  Extractor  
  17  1:12  Spawning Pool  
  17  1:15  Drone  
  17  1:19  Drone  
  18  1:29  Drone  
  19  1:41  Drone  
  20  1:50  Drone  
  21  1:59  Queen  
  21  2:00  Zergling x4, Queen  
  27  2:14  Hatchery  
  26  2:20  Overlord  
  26  2:22  Drone  
  27  2:24  Drone  
  28  2:37  Metabolic Boost  
  28  2:41  Drone x3  
  31  2:46  Queen  
  31  2:51  Overlord  
  33  2:54  Drone  
  33  2:55  Drone  
  35  2:58  Drone  
  36  3:11  Drone x4  
  41  3:12  Drone  
  41  3:15  Drone  
  41  3:18  Overlord  
  42  3:22  Queen  
  42  3:26  Queen  
  44  3:30  Drone  
  44  3:31  Drone  
  48  3:41  Overlord  
  48  3:42  Zergling x2  
  48  3:43  Zergling x6  
  52  3:48  Drone x4  
  52  3:54  Overlord  
  56  3:57  Queen  
  56  4:00  Drone x3  
  56  4:02  Drone  
  62  4:08  Roach Warren  
  62  4:09  Drone  
  62  4:12  Overlord  
  62  4:13  Drone  
  62  4:14  Drone  
  62  4:15  Drone  
  65  4:17  Drone  
  65  4:22  Overlord  
  66  4:32  Zergling x6  
  66  4:33  Drone x2  
  66  4:34  Drone x3  
  74  4:39  Overlord  
  74  4:40  Spore Crawler, Queen  
  74  4:41  Spore Crawler  
  74  4:43  Spore Crawler  
  72  4:46  Drone x2  
  72  4:48  Overlord  
  72  4:52  Lair  
  74  4:56  Overlord  
  74  4:58  Drone  
  74  4:59  Drone x2  
  77  5:01  Roach x2  
  80  5:14  Roach x2  
  78  5:20  Overlord  
  75  5:23  Roach  
  75  5:26  Drone x9  
  86  5:33  Drone  
  87  5:37  Drone x4, Extractor x2, Evolution Chamber x2  
  87  5:44  Drone, Extractor  
  87  5:47  Queen  
  87  5:49  Overseer  
  89  5:50  Drone  
  89  5:52  Hatchery  
  89  5:54  Drone x3  
  92  5:57  Extractor x2  
  92  6:02  Drone  
  92  6:03  Drone x4  
  95  6:05  Drone  
  95  6:11  Overlord  
  93  6:13  Overseer  
  93  6:15  Overlord  
  93  6:17  Drone x4  
  97  6:20  Drone  
  96  6:27  Zerg Ground Armor Level 1  
  96  6:31  Drone x5  
  101  6:36  Overlord  
  101  6:37  Drone x3  
  101  6:38  Glial Reconstitution  
  104  6:40  Zerg Missile Weapons Level 1  
  104  6:43  Overlord  
  104  6:44  Infestation Pit  
  103  6:47  Roach x2  
  103  6:48  Roach  
  109  6:56  Roach  
  109  6:57  Roach x4  
  118  7:07  Drone  
  118  7:08  Drone x5  
  119  7:14  Drone x6  
  119  7:15  Drone  
  122  7:21  Drone x3  
  122  7:22  Spore Crawler  
  124  7:24  Extractor  
  123  7:31  Overlord  
  123  7:32  Overlord  
  123  7:37  Swarm Host x6  
  141  7:49  Extractor  
  140  7:53  Swarm Host x6  
  158  7:59  Drone x2  
  158  8:01  Nydus Network  
  159  8:08  Overlord  
  159  8:11  Overlord  
  159  8:12  Overlord  
  159  8:14  Hive  
  159  8:19  Spore Crawler, Drone, Overlord  
  159  8:20  Spine Crawler  
  159  8:21  Spine Crawler  
  159  8:22  Drone x3  
  159  8:23  Overlord  
  160  8:28  Baneling Nest  
  159  8:34  Swarm Host x2, Zerg Melee Weapons Level 1  
  159  8:38  Nydus Canal  
  159  8:41  Roach x13  
  191  8:44  Ravager  
  191  8:46  Overlord  
  192  8:51  Zergling x14  
  192  8:52  Spore Crawler  
  198  8:59  Hatchery  
  194  9:08  Spire  
  187  9:21  Nydus Canal  
  183  9:26  Zergling x16  
  183  9:27  Zergling x6  
  185  9:32  Zergling x14  
  162  9:45  Zergling x18  
  162  9:46  Zergling x2  
  167  9:55  Spore Crawler x2  
  158  10:06  Roach x8  
  173  10:19  Spire, Corruptor  
  173  10:20  Corruptor x10  
  194  10:22  Overseer  
  194  10:23  Spore Crawler  
  194  10:24  Adrenal Glands  
  193  10:32  Baneling x7  
  193  10:45  Spire  
  193  10:48  Hatchery  
  191  10:55  Drone  
  191  10:56  Drone  
  193  11:00  Centrifical Hooks  
  193  11:05  Hatchery  
  191  11:22  Nydus Canal  
  151  11:33  Roach  
  151  11:34  Roach x9  
  161  11:40  Zergling x8  
  161  11:41  Zergling x4  
  166  11:53  Extractor  
  165  11:55  Zergling x10  
  165  11:56  Spore Crawler, Zerg Melee Weapons Level 2, Zerg Missile Weapons Level 2  
  165  11:57  Extractor  
  165  11:58  Spore Crawler, Greater Spire  
  165  12:00  Overseer  
  167  12:08  Nydus Canal  
  167  12:18  Baneling x15, Ravager x2  
  168  12:27  Zergling x28  
  173  12:46  Zergling x10  
  165  12:58  Zergling x8  
  143  13:03  Roach  
  143  13:04  Roach x3  
  147  13:07  Queen  
  147  13:08  Queen  
  151  13:14  Roach x4  
  155  13:23  Roach x4  
  159  13:30  Spawning Pool  
  159  13:32  Roach x4  
  154  13:45  Brood Lord x8  
  154  13:46  Overlord  
  154  13:47  Overlord x3  
  150  13:56  Roach  
  150  14:00  Roach x3  
  148  14:09  Roach x2  
  130  14:10  Roach  
  130  14:16  Roach x3  
  131  14:18  Overseer  
  128  14:25  Nydus Canal  
  113  14:44  Drone, Hatchery  
  113  14:47  Zergling x16  
  121  14:54  Hatchery  
  121  14:55  Queen  
  121  14:57  Queen  
  126  15:09  Overseer  
  126  15:12  Overlord  
  120  15:17  Drone x2  
  120  15:18  Drone  
Show
View Real Time Build Order
Export as new Build Order

Clem Terran - Winner!

Build Orders: Gas First Reaper Expand, Hellion Banshee 

Get SALT Encoding   

  12  0:00  SCV  
  13  0:12  SCV  
  14  0:17  Supply Depot  
  14  0:24  SCV  
  15  0:29  Refinery  
  15  0:38  SCV  
  16  0:44  Barracks  
  16  0:50  SCV  
  17  1:02  SCV  
  18  1:15  SCV  
  19  1:31  Orbital Command  
  19  1:32  Reaper  
  20  1:42  Command Center  
  20  1:54  Factory  
  20  1:58  SCV  
  21  2:08  Barracks Reactor  
  21  2:10  SCV  
  21  2:14  Supply Depot  
  22  2:19  Refinery  
  22  2:22  SCV  
  23  2:35  SCV  
  24  2:43  Starport  
  24  2:47  SCV  
  24  2:50  Hellion x2  
  29  2:52  Barracks Tech Lab  
  29  2:58  Orbital Command  
  29  3:00  SCV  
  30  3:11  Hellion x2  
  34  3:14  SCV  
  35  3:24  SCV  
  36  3:29  Viking  
  36  3:31  SCV  
  39  3:36  SCV  
  39  3:38  Supply Depot  
  39  3:40  Hellion x2  
  44  3:44  SCV  
  44  3:48  SCV  
  46  3:56  Armory  
  46  3:59  SCV  
  46  4:01  Supply Depot  
  46  4:02  Medivac  
  49  4:04  Hellion  
  49  4:06  SCV, Hellion  
  54  4:20  Barracks Tech Lab  
  54  4:23  SCV x2, Supply Depot  
  56  4:27  Hellion x2, Cloaking Field  
  60  4:35  SCV  
  60  4:38  SCV  
  62  4:45  Banshee  
  65  4:49  Command Center  
  65  4:50  SCV  
  65  4:51  SCV  
  67  4:55  Supply Depot  
  67  4:57  Hellion  
  69  5:02  SCV  
  70  5:10  SCV  
  70  5:11  Hellion  
  65  5:14  SCV  
  65  5:19  Hellion  
  65  5:21  Refinery x2  
  63  5:22  SCV  
  63  5:27  Banshee, SCV  
  68  5:32  Hellion  
  68  5:34  SCV  
  65  5:39  Factory x2  
  65  5:40  Hellion  
  65  5:47  Supply Depot  
  65  5:50  SCV x2  
  65  5:53  Hellion  
  69  5:58  Terran Vehicle And Ship Armor Level 1, Armory  
  69  6:01  Hellion  
  69  6:03  Orbital Command  
  71  6:04  SCV  
  71  6:06  SCV  
  69  6:12  Banshee  
  69  6:15  Barracks Tech Lab, Hellion  
  69  6:16  SCV  
  75  6:19  SCV  
  75  6:23  Hellion  
  78  6:29  SCV  
  78  6:31  SCV  
  80  6:33  Mag-Field Accelerator, Cyclone  
  80  6:35  Orbital Command  
  80  6:36  Hellion  
  85  6:41  SCV  
  85  6:43  Supply Depot  
  85  6:44  Engineering Bay, Cyclone  
  85  6:46  SCV  
  90  6:49  Hellion  
  90  6:52  Terran Vehicle Weapons Level 1  
  90  6:53  SCV, Supply Depot  
  93  6:57  Banshee  
  93  6:58  SCV  
  97  7:02  SCV  
  97  7:03  Hellion  
  97  7:05  SCV  
  101  7:10  SCV  
  101  7:14  SCV  
  97  7:16  Barracks Tech Lab  
  97  7:17  SCV  
  97  7:18  Factory  
  97  7:21  Factory, Refinery x2  
  96  7:25  Hyperflight Rotors  
  100  7:30  SCV, Hellion x2  
  100  7:34  SCV x2  
  100  7:36  Supply Depot  
  103  7:42  SCV, Cyclone  
  105  7:46  SCV x2  
  105  7:54  SCV, Hellion x2  
  105  7:57  Command Center  
  105  7:58  Terran Vehicle And Ship Armor Level 2, SCV  
  109  8:04  Cyclone  
  112  8:06  Factory Reactor  
  112  8:11  Supply Depot, Cyclone  
  115  8:14  Supply Depot  
  115  8:15  Hellion x2  
  119  8:22  Banshee  
  122  8:32  Supply Depot  
  122  8:35  Supply Depot, Command Center  
  122  8:36  Hellion x2  
  122  8:39  Supply Depot  
  122  8:41  Supply Depot  
  126  8:44  Hellion x2  
  126  8:46  Missile Turret, Siege Tank x2  
  126  8:47  Siege Tank  
  139  8:52  Supply Depot  
  139  8:53  Terran Vehicle Weapons Level 2  
  136  9:01  Hellion x2  
  135  9:11  Hellion x2  
  135  9:16  Banshee  
  140  9:17  Command Center  
  140  9:22  Supply Depot, Hellion x2  
  140  9:23  Siege Tank x2  
  148  9:32  Hellion  
  148  9:33  Cyclone, Hellion  
  137  9:40  SCV  
  137  9:41  SCV  
  137  9:42  SCV  
  137  9:44  Hellion  
  137  9:45  Planetary Fortress  
  138  9:47  Hellion  
  138  9:52  SCV  
  141  9:53  SCV  
  141  9:57  SCV  
  141  9:58  Hellion x2  
  141  10:01  Cyclone x2  
  141  10:04  SCV  
  148  10:10  SCV, Hellion  
  148  10:13  SCV  
  146  10:15  Factory x2  
  146  10:16  SCV, Factory  
  147  10:22  SCV  
  147  10:24  SCV  
  147  10:25  SCV, Cyclone  
  153  10:28  SCV  
  153  10:29  Orbital Command  
  153  10:34  SCV  
  155  10:37  Cyclone x2  
  155  10:38  SCV x2  
  155  10:42  Terran Vehicle And Ship Armor Level 3  
  163  10:48  SCV  
  163  10:49  Sensor Tower  
  164  10:51  Refinery x2  
  164  10:52  SCV  
  165  10:59  Cyclone  
  165  11:00  SCV x2  
  165  11:04  Infernal Pre-Igniter  
  167  11:07  SCV  
  167  11:09  Cyclone  
  172  11:17  Command Center  
  172  11:18  Cyclone  
  174  11:24  Hellion x2  
  170  11:28  SCV x3  
  170  11:30  SCV  
  170  11:31  Cyclone  
  172  11:37  SCV  
  170  11:41  Cyclone  
  170  11:44  SCV  
  174  11:49  Hellion x3  
  174  11:50  Cyclone  
  174  11:51  SCV x2  
  182  11:59  Hellion  
  184  12:02  Factory Tech Lab  
  184  12:04  Cyclone  
  184  12:07  Factory Reactor  
  184  12:08  Factory Tech Lab  
  187  12:09  Supply Depot  
  187  12:13  Hellion x3  
  187  12:14  Supply Depot  
  193  12:16  Terran Vehicle Weapons Level 3  
  193  12:18  Factory Tech Lab  
  193  12:21  Hellion  
  195  12:29  Siege Tank, Cyclone  
  199  12:31  Cyclone  
  200  12:43  Cyclone  
  200  12:44  Hellion  
  194  12:54  Hellion  
  194  12:55  Hellion x2  
  194  12:56  Cyclone  
  194  12:58  Missile Turret x2  
  176  13:01  Cyclone x2, Hellion  
  176  13:02  Command Center  
  176  13:03  Cyclone, Hellion  
  180  13:07  Planetary Fortress  
  180  13:14  Hellion  
  180  13:16  Cyclone  
  180  13:17  Hellion  
  183  13:22  Hellion  
  185  13:28  Cyclone  
  185  13:29  Hellion  
  185  13:30  Hellion x2  
  185  13:33  Cyclone  
  196  13:34  Hellion  
  196  13:36  Hellion  
  196  13:38  Hellion  
  198  13:43  Command Center, Hellion  
  198  13:48  Siege Tank  
  198  13:51  Hellion  
  198  13:55  Siege Tank, Hellion  
  197  13:59  Hellion x2  
  197  14:00  Siege Tank  
  197  14:01  Hellion  
  196  14:04  Hellion  
  196  14:07  Hellion  
  198  14:12  Hellion  
  195  14:28  Thor  
  195  14:34  Thor x2  
  189  14:40  Thor, Starport x2  
  189  14:41  Starport  
  189  14:42  Viking, Starport  
  197  15:13  Orbital Command  
  195  15:14  Command Center  
  195  15:16  Command Center  
  197  15:22  Refinery  
  197  15:25  Missile Turret  
  197  15:26  Missile Turret  
  191  15:39  Factory Tech Lab  
Tags
 
Add a new tag
Caveats
  • Supply blocks, unpowered buildings, or Contaminate may cause inaccurate times.
  • Supply counts are checked every 10 seconds.